 Dungeon Crawl Stone Soup version 0.30.0-19-g36f170ea60 (webtiles) character file.

Game seed: 8445490623814069691

143 monsoonserge the Magician (level 5, -11/36 HPs)
             Began as a Djinni Venom Mage on May 28, 2023.
             Was an Initiate of Gozag.
             Mangled by an ogre
             ... wielding a +0 giant spiked club
              (17 damage)
             ... on level 4 of the Dungeon.
             The game lasted 00:13:12 (2658 turns).

monsoonserge the Magician (Djinni Venom Mage)       Turns: 2658, Time: 00:13:13

Health: -11/36     AC:  7    Str:  6 (7)  XL:     5   Next: 50%
Gold:   187        EV: 12    Int: 16 (19) God:    Gozag SH:  5 Dex:  9 (11)

rFire   + + +        m - staff of conjuration
rCold   x . .        (no shield)
rNeg    . . .        p - +0 leather armour
rPois   ∞            c - +0 helmet
rElec   .            k - +2 cloak
rCorr   .            (no gloves)
SInv    .            (boots unavailable)
Will    .....        j - amulet of reflection
Stlth   ++           w - ring of protection from fire
HPRegen 0.26/turn    (no ring)
MPRegen 0.00/turn

%: reflection, infuse magic (-12 HP)
@: flying, invisible
A: sickness immunity, fire resistance 2, cold vulnerability 1, float, innate
caster, HP casting, extra vitality 1, clumsy 1, sturdy frame 1
a: Renounce Religion, Potion Petition, Call Merchant, Bribe Branch


You were on level 4 of the Dungeon.
You worshipped Gozag.
Gozag was aware of your devotion.
You visited 1 branch of the dungeon, and saw 4 of its levels.

You collected 255 gold pieces.
You paid 68 gold pieces to Gozag.

Inventory:

Hand Weapons
 g - a +0 short sword
Missiles
 l - 4 poisoned darts
Armour
 a - a +0 robe
 c - a +0 helmet (worn)
 k - a +2 cloak (worn)
 p - a +0 leather armour (worn)
 q - a +0 ring mail
Magical Staves
 m - a staff of conjuration (weapon)
Jewellery
 j - an amulet of reflection (around neck)
 w - a ring of protection from fire (left hand)
Scrolls
 b - 2 scrolls of silence {unknown}
 d - a scroll of fog {unknown}
 e - 4 scrolls of teleportation {unknown}
 f - a scroll of fear {unknown}
 n - a scroll of amnesia {unknown}
 o - 2 scrolls of identify {unknown}
 s - a scroll of enchant armour {unknown}
 v - a scroll of torment {unknown}
Potions
 h - a potion of mutation
 i - a potion of heal wounds {unknown}
 r - a potion of invisibility
 t - 2 potions of experience {unknown}
 u - 2 potions of degeneration
 x - a potion of attraction {unknown}


   Skills:
 + Level 0.5 Fighting
 * Level 0.9 Armour
 + Level 2.3 Dodging
 - Level 2.0 Stealth
 * Level 4.1 Spellcasting


You knew the following spells:

 Your Spells              Type           Power      Damage    Failure   Level
a - Sting                 Tmut/Pois      64%        1d6       3%          1
b - Poisonous Vapours     Pois/Air       32%        N/A       4%          2
c - Mephitic Cloud        Conj/Pois/Air  24%        N/A       10%         3
d - Olgreb's Toxic Radia  Pois           16%        N/A       32%         4
e - Magic Dart            Conj           96%        1d7       3%          1
f - Wereblood             Tmut           16%        N/A       4%          2
Your spell library was empty.

Dungeon Overview and Level Annotations

Branches:
Dungeon (4/15)
 Temple: D:4-7

Altars:
Gozag
Nemelex Xobeh


Innate Abilities, Weirdness & Mutations

You are immune to sickness and miasma.
You are immune to poison.
Your flesh is very heat resistant. (rF++)
You are vulnerable to cold. (rC-)
You float through the air rather than walking.
You learn spells naturally, not from books.
Your magical power is your life essence.
You have superior vitality. (+4 MHP)
You are clumsy. (Dex -2)
Your movements are slightly less encumbered by armour. (ER -2)


Message History

The ogre is lightly wounded.
An iguana comes into view.
Casting: Sting (safe; 3% risk of failure)
Confirm with . or Enter, or press ? or * to list all spells.
Aiming: Sting (safe; 3% risk of failure)
Press: ? - help, Shift-Dir - straight line, f/p - ogre
Aim: an ogre, wielding a +0 giant spiked club (lightly wounded, poisoned, 88% to hit)
The sting hits the ogre.
The ogre looks even sicker.
The ogre is moderately wounded.
Casting: Sting (safe; 3% risk of failure)
Confirm with . or Enter, or press ? or * to list all spells.
Aiming: Sting (safe; 3% risk of failure)
Press: ? - help, Shift-Dir - straight line, f/p - ogre
Aim: an ogre, wielding a +0 giant spiked club (moderately wounded, very poisoned, 88% to hit)
The sting hits the ogre.
The ogre looks even sicker.
The ogre is heavily wounded.
The ogre barely misses you.
Casting: Sting (safe; 3% risk of failure)
Confirm with . or Enter, or press ? or * to list all spells.
Aiming: Sting (safe; 3% risk of failure)
Press: ? - help, Shift-Dir - straight line, f/p - ogre
Aim: an ogre, wielding a +0 giant spiked club (heavily wounded, very poisoned, 88% to hit)
The sting hits the ogre.
The ogre looks as sick as possible!
The ogre is heavily wounded.
The ogre hits you with a +0 giant spiked club!!
Ouch! That really hurt!
* * * LOW HITPOINT WARNING * * *
Okay, then.
It was a potion of degeneration.
There was something very wrong with that liquid.
You feel weakened.
You feel dopey.
You feel clumsy.
It was a potion of mutation.
You feel extremely strange.
You feel clumsy.
You feel less encumbered by your armour.
The ogre barely misses you.
It was a potion of invisibility.
You fade into invisibility!
The ogre hits you with a +0 giant spiked club!
You die...
Your body crumbles into a pile of gold.

###########
#.....$@..###
.....lO.....#
...##.##....#####
# #.# ##....$...
... #.####### .##
#...# . #..#.#
....##.# .# ##.##
#.# #.


You could see an ogre (unable to see you, very poisoned) and an iguana (unable
to see you).

Vanquished Creatures
  An iguana (D:4)
  4 gnolls (D:3)
  A dart slug (D:1)
  5 orcs (D:2)
  11 bats
  8 endoplasms
  2 giant cockroaches
  5 goblins
  5 hobgoblins
  6 jackals
  3 quokkas
  7 ball pythons
  2 frilled lizards
  5 kobolds
  4 rats
69 creatures vanquished.

Notes
Turn   | Place    | Note
-------+----------+-------------------------------------------
     0 | D:1      | monsoonserge the Djinni Venom Mage began the quest for the
                  | Orb.
     0 | D:1      | monsoonserge set off with the following spells memorised:
                  | Sting, Poisonous Vapours, Mephitic Cloud, Olgreb's Toxic
                  | Radiance.
     0 | D:1      | Reached XP level 1. HP: 15/15 MP: 0/0
   112 | D:1      | Reached XP level 2. HP: 16/21 MP: 0/0
   312 | D:1      | Reached skill level 3 in Spellcasting
   315 | D:1      | Reached XP level 3. HP: 15/25 MP: 0/0
   315 | D:1      | Learned a level 1 spell: Magic Dart
  1270 | D:2      | Reached XP level 4. HP: 20/31 MP: 0/0
  2077 | D:3      | Reached XP level 5. HP: 22/36 MP: 0/0
  2077 | D:3      | Learned a level 2 spell: Wereblood
  2356 | D:3      | Found an opulent altar of Gozag.
  2357 | D:3      | Found a sparkling altar of Nemelex Xobeh.
  2445 | D:3      | Became a worshipper of Gozag Ym Sagoz the Greedy
  2578 | D:4      | Reached skill level 4 in Spellcasting
  2651 | D:4      | Noticed an ogre
  2657 | D:4      | Gained mutation: You are clumsy. (Dex -2) [potion of
                  | mutation]
  2657 | D:4      | Gained mutation: Your movements are slightly less
                  | encumbered by armour. (ER -2) [potion of mutation]
  2658 | D:4      | Mangled by an ogre

Illustrated notes

Levels and vault maps discovered:
D:1:      amcnicky_arrival_gap_in_the_tavern_cellar, layout_rooms, hex_large,
          minmay_misc_feat_diagonals, minmay_misc_feat_iff,
          nicolae_kite_square_tiling_tiny, minmay_pentomino_w2
D:2:      layout_rooms, serial_aquarium, aquarium_bridge_long_joined
          [aquarium_subvault_window, aquarium_subvault_bridge,
          aquarium_subvault_wall, aquarium_subvault_window,
          aquarium_subvault_window, aquarium_subvault_balcony],
          aquarium_bridge_square [aquarium_subvault_wall,
          aquarium_subvault_wall, aquarium_subvault_bridge,
          aquarium_subvault_window], aquarium_window_corridor_1,
          aquarium_window_fake, aquarium_window_1, aquarium_window_fake,
          aquarium_view_2c
D:3:      layout_basic, grunt_temple_overflow_opulence
D:4:      layout_loops_ring, lemuel_blue_sif_altar, minmay_ruptured,
          uniq_grinder

Skill      XL: |  1  2  3  4  5 |
---------------+----------------+-----
Spellcasting   | 3 4 |  4.1
Stealth        | 2 |  2.0
Fighting       | |  0.5
Armour         | |  0.9
Dodging        | |  2.3

Action                     |  1- 3 |  4- 6 || total
---------------------------+-------+-------++-------
  Melee: Unarmed           |    11 |       ||    11
         Short sword       |     5 |       ||     5
         Staff             |     4 |    29 ||    33
   Cast: Sting             |    42 |    26 ||    68
         Poisonous Vapours |    25 |    15 ||    40
         Magic Dart        |    28 |     8 ||    36
         Mephitic Cloud    |       |     1 ||     1
    Use: Potion            |       |     3 ||     3
   Stab: Sleeping          |     1 |     1 ||     2
         Confused          |       |     1 ||     1
 Armour: Robe              |    21 |     1 ||    22
         Leather armour    |       |     6 ||     6
  Dodge: Dodged            |    29 |    21 ||    50
  Block: Other             |     7 |     7 ||    14
         Reflection        |       |     1 ||     1
